 Dungeon Crawl Stone Soup version 0.31-a0-255-g9c3d1c461a (webtiles) character file.

Game seed: 8715995364277178844

339 qw the Shooter (level 6, -5/37 HPs)
             Began as a Gargoyle Hexslinger on July 12, 2023.
             Slain by an ogre
             ... wielding a +0 giant club
              (12 damage)
             ... on level 4 of the Dungeon.
             The game lasted 00:01:17 (2935 turns).

qw the Shooter (Gargoyle Hexslinger)                Turns: 2935, Time: 00:01:18

Health: -5/37      AC: 15    Str: 10 (11) XL:     6   Next: 55%
Magic:  7/7        EV:  8    Int: 14      God:
Gold:   66         SH:  0    Dex: 12 (14) Spells: 6/7 levels left

rFire   . . .        Y - +2 sling
rCold   + . .        (no shield)
rNeg    + . .        j - +2 leather armour {rC+}
rPois   inf          (no helmet)
rElec   +            (no cloak)
rCorr   .            f - +1 pair of gloves
SInv    .            (no boots)
Will    .....        (no amulet)
Stlth   +            e - +4 ring of protection
HPRegen 0.26/turn    (no ring)
MPRegen 0.10/turn

%: no passive effects
@: constricted
A: sickness immunity, AC +4, negative energy resistance 1, electricity
resistance, torment resistance 1, petrification resistance
a: no special abilities


You were on level 4 of the Dungeon.
You visited 1 branch of the dungeon, and saw 4 of its levels.

You collected 149 gold pieces.
You spent 83 gold pieces at shops.


Innate Abilities, Weirdness & Mutations

You are immune to sickness and miasma.
Your stone body is resilient. (AC +4)
You are immune to poison.
You resist negative energy. (rN+)
You are resistant to electric shocks. (rElec)
You are resistant to unholy torment.
You are immune to petrification.


   Skills:
 - Level 3.2 Fighting
 + Level 5.8 Ranged Weapons
 - Level 1.5 Armour
 - Level 1.5 Dodging
 - Level 1.0 Spellcasting
 - Level 2.6 Hexes


You had 6 spell levels left.
You knew the following spells:

 Your Spells              Type           Power      Damage    Failure   Level
a - Slow                  Hex            32%        N/A       12%         1

Your spell library contained the following spells:

 Spells                   Type           Power      Damage    Failure   Level
 Inner Flame              Hex/Fire       4%         N/A       52%         3
 Portal Projectile        Hex/Tloc       8%         N/A       52%         3
 Cause Fear               Hex            4%         N/A       75%         4

Inventory:

Hand Weapons
 Y - a +2 sling (weapon)
Armour
 f - a +1 pair of gloves (worn)
 i - a +0 helmet
 j - a +2 leather armour of cold resistance (worn)
Jewellery
 e - a +4 ring of protection (left hand)
Scrolls
 a - a scroll of identify
 b - a scroll of blinking {unknown}
Potions
 c - a potion of might
 d - a potion of mutation
 g - a potion of ambrosia {unknown}
 h - a potion of curing
 l - a potion of berserk rage {unknown}
 m - 3 potions of brilliance {unknown}
 o - a potion of attraction {unknown}

Dungeon Overview and Level Annotations

Branches:
Dungeon (4/15)
 Temple: D:4-7

Altars:
Fedhas
Uskayaw

Shops:
D:3 [(**:   D:4 *


Message History

The ogre is moderately wounded.
You shoot a sling bullet.
The sling bullet hits the ogre but does no damage.
The ogre is moderately wounded.
You shoot a sling bullet. The sling bullet hits the ogre.
The ogre is heavily wounded.
An endoplasm comes into view.
You shoot a sling bullet. The sling bullet hits the ogre.
The ogre is heavily wounded.
The ogre hits you with a +0 giant club!!
Ouch! That really hurt!
You shoot a sling bullet.
The sling bullet barely misses the ogre.
The sling bullet barely misses the endoplasm.
The ogre closely misses you.
The ball python bites you but does no damage.
The ball python grabs you. The ball python constricts you.
You shoot a sling bullet.
The sling bullet hits the ball python but does no damage.
The ball python bites you but does no damage.
The ball python constricts you. The endoplasm freezes you.
You are frozen.
You resist. The ogre hits you with a +0 giant club!
The ball python barely misses you. The ball python constricts you.
You shoot a sling bullet.
The sling bullet barely misses the ball python.
The endoplasm hits you but does no damage.
The ball python closely misses you. The ball python constricts you.
The ogre hits you but does no damage.
You shoot a sling bullet.
The sling bullet closely misses the ball python.
The ball python bites you but does no damage.
The ball python constricts you.
The endoplasm hits you but does no damage.
You shoot a sling bullet.
The sling bullet barely misses the ball python.
The ball python barely misses you. The ball python constricts you.
The endoplasm freezes you.
You are frozen.
You resist. The ogre hits you with a +0 giant club!
You die...

##<##.##.##.##.#.#
#...............#
####..###########
##....# ####.# #.#
## #########.#
#...#...#...#.#
#.}.$.@...}...#
#...#JOS#...### ##
##.###### #...
...}. ..#...#
#.###.## .. ...


You could see an ogre, an endoplasm and a ball python.

Vanquished Creatures
  An ogre (D:4)
  A jelly (D:4)
  A hound (D:4)
  Jessica (D:3)
  An iguana (D:4)
  Ijyb (D:3)
  An orc wizard (D:4)
  3 adders
  3 worms
  3 orcs (D:4)
  6 bats
  6 endoplasms
  3 giant cockroaches
  6 goblins
  6 hobgoblins
  2 jackals (D:1)
  4 quokkas
  4 ball pythons
  4 frilled lizards
  3 kobolds
  5 rats
65 creatures vanquished.

Notes
Turn   | Place    | Note
-------+----------+-------------------------------------------
     0 | D:1      | qw the Gargoyle Hexslinger began the quest for the Orb.
     0 | D:1      | Reached XP level 1. HP: 12/12 MP: 2/2
     0 | D:1      | 0 ||| qw: Version: 0.3-a-52-g30416fa
     0 | D:1      | 0 ||| qw: Game counter: 6666
     0 | D:1      | 0 ||| qw: Melee chars always use a shield: true
     0 | D:1      | 0 ||| qw: God list: Okawaru
     0 | D:1      | 0 ||| qw: Allow faded altars: false
     0 | D:1      | 0 ||| qw: Do Orc after clearing Dungeon:15 true
     0 | D:1      | 0 ||| qw: Do second Lair branch before Depths: true
     0 | D:1      | 0 ||| qw: Lair rune preference: random
     0 | D:1      | 0 ||| qw: Goals: Normal
     0 | D:1      | 0 ||| PLANNING D:1-11
   104 | D:1      | Reached XP level 2. HP: 16/16 MP: 3/3
   230 | D:1      | Reached skill level 3 in Ranged Weapons
   377 | D:1      | You fall into a shaft and drop 1 floor!
   406 | D:2      | 406 ||| UPGRADING to +0 leather armour.
   416 | D:2      | 416 ||| DROPPING +0 robe.
   417 | D:2      | 417 ||| UPGRADING to +0 ring mail.
   427 | D:2      | 427 ||| DROPPING +0 leather armour.
   428 | D:2      | 428 ||| READING 2 scrolls labelled LUCRUUM ULLIKA.
   429 | D:2      | 429 ||| READING scroll labelled FEBA HEYXEEGY.
   430 | D:2      | 430 ||| READING scroll labelled YTZERIODACW.
   431 | D:2      | 431 ||| DROPPING scroll of fog.
   432 | D:2      | 432 ||| DROPPING scroll of poison.
   492 | D:1      | Reached XP level 3. HP: 21/21 MP: 4/4
   884 | D:1      | 884 ||| READING 2 scrolls labelled ROLAFO JAQUNA.
   969 | D:2      | Found a blossoming altar of Fedhas.
  1432 | D:2      | 1432 ||| UPGRADING to +4 ring of protection.
  1453 | D:3      | Found Qomuwnok's Book Boutique.
  1594 | D:3      | Found a hide-covered altar of Uskayaw.
  1726 | D:3      | Reached XP level 4. HP: 26/26 MP: 5/5
  1747 | D:3      | Found Nusip's Weapon Boutique.
  1769 | D:3      | Found a faded altar of an unknown god.
  1786 | D:3      | Found Kungidduzos's Antique Armour Boutique.
  1846 | D:3      | 1846 ||| SHOPLISTING helmet (121 gold, have 62).
  1886 | D:3      | Found Jaonila's General Store.
  1886 | D:3      | Noticed Jessica
  1901 | D:3      | Killed Jessica
  1902 | D:3      | Reached skill level 4 in Ranged Weapons
  1936 | D:3      | Noticed Ijyb
  1951 | D:3      | Killed Ijyb
  1952 | D:3      | Reached skill level 1 in Armour
  2073 | D:3      | Reached XP level 5. HP: 30/30 MP: 6/6
  2103 | D:3      | Found Foebra's Assorted Antiques.
  2107 | D:3      | 2107 ||| BUYING fuming amethyst potion (20 gold).
  2107 | D:3      | Bought a fuming amethyst potion for 20 gold pieces
  2107 | D:3      | 2107 ||| SHOPLISTING glass wand (92 gold, have 72).
  2107 | D:3      | 2107 ||| BUYING golden potion (20 gold).
  2107 | D:3      | Bought a golden potion for 20 gold pieces
  2107 | D:3      | 2107 ||| BUYING grey potion (20 gold).
  2107 | D:3      | Bought a grey potion for 20 gold pieces
  2107 | D:3      | 2107 ||| SHOPLISTING runed arbalest (172 gold, have 32).
  2107 | D:3      | 2107 ||| BUYING scroll labelled GISEN CEJADOD (23 gold).
  2107 | D:3      | Bought a scroll labelled GISEN CEJADOD for 23 gold pieces
  2107 | D:3      | 2107 ||| SHOPLISTING scroll labelled YXIOSIUWNAHI (23 gold,
                  | have 9).
  2107 | D:3      | 2107 ||| SHOPLISTING scroll of enchant weapon (172 gold,
                  | have 9).
  2107 | D:3      | 2107 ||| SHOPLISTING shiny onyx ring (115 gold, have 9).
  2118 | D:3      | 2118 ||| SHOPLISTING +2 sling of flaming (205 gold, have
                  | 9).
  2188 | D:3      | 2188 ||| UPGRADING to +0 pair of gloves.
  2193 | D:3      | 2193 ||| UPGRADING to +2 leather armour of cold resistance.
  2203 | D:3      | 2203 ||| DROPPING +0 ring mail.
  2204 | D:3      | 2204 ||| READING 2 scrolls labelled BEZIXE IBBUA.
  2205 | D:3      | 2205 ||| READING scroll labelled YXIOSIUWNAHI.
  2209 | D:3      | 2209 ||| READING scroll labelled GISEN CEJADOD.
  2210 | D:3      | 2210 ||| DRINKING 3 golden potions.
  2211 | D:3      | 2211 ||| READING 3 scrolls of identify.
  2211 | D:3      | 2211 ||| IDENTIFYING amethyst potion
  2212 | D:3      | 2212 ||| READING 2 scrolls of identify.
  2212 | D:3      | 2212 ||| IDENTIFYING fizzy orange potion
  2213 | D:3      | 2213 ||| DROPPING 2 potions of degeneration.
  2214 | D:3      | 2214 ||| DROPPING scroll of fear.
  2396 | D:4      | Found Hiskiek's Assorted Antiques.
  2404 | D:4      | 2404 ||| SHOPLISTING 2 brown potions (48 gold, have 22).
  2404 | D:4      | 2404 ||| SHOPLISTING 2 grey potions (48 gold, have 22).
  2404 | D:4      | 2404 ||| SHOPLISTING scroll labelled SEGOWI OBBOJIN (27
                  | gold, have 22).
  2438 | D:4      | Reached skill level 5 in Ranged Weapons
  2615 | D:4      | 2615 ||| READING scroll of enchant armour.
  2615 | D:4      | 2615 ||| ENCHANTING +0 pair of gloves.
  2705 | D:4      | Reached skill level 3 in Fighting
  2705 | D:4      | Reached XP level 6. HP: 37/37 MP: 7/7
  2932 | D:4      | HP: 7/37 [ogre/+0 giant club (10)]
  2935 | D:4      | Slain by an ogre

Levels and vault maps discovered:
D:1:      scummos_arrival_gate, layout_basic, minmay_tromino_i2
D:2:      layout_loops_ring, basic_altar
D:3:      layout_basic, old_standard_altar, ebering_ecumenical_altar_mist,
          serial_shops, shop, nicolae_shop_peninsula, shop,
          nicolae_shop_tiny_statue_garden, nicolae_book_shop_shelving,
          uniq_ijyb, uniq_jessica
D:4:      layout_loops_cross, minmay_temple_entry_nine_rooms, serial_shops,
          shop, nicolae_square_shop, dk_vineyard_3, corexii_hall_statues_t

Skill      XL: |  1  2  3  4  5 |
---------------+----------------+-----
Ranged Weapons | 3 4 5 |  5.8
Fighting       | 2 3 |  3.2
Armour         | 1 |  1.5
Dodging        | |  1.5
Spellcasting   | |  1.0
Hexes          | |  2.6

Action                     |  1- 3 |  4- 6 || total
---------------------------+-------+-------++-------
  Melee: Unarmed           |       |    10 ||    10
   Fire: Sling             |   167 |   140 ||   307
    Use: Scroll            |     4 |     6 ||    10
         Potion            |       |     1 ||     1
 Armour: Robe              |    12 |       ||    12
         Ring mail         |    22 |    11 ||    33
         Skin              |       |     1 ||     1
         Leather armour    |       |    30 ||    30
  Dodge: Dodged            |    59 |    53 ||   112

Table legend:
 A = Non-vault XP
 B = Vault XP
 C = Vault XP percentage of total XP
 D = Non-vault monster count
 E = Vault monster count
 F = Vault count percentage of total count
                 A         B        C        D         E       F
            +---------+---------+-------+---------+---------+-------
      Total |     411 |      74 |  15.3 |      62 |       3 |   4.6
            +---------+---------+-------+---------+---------+-------
        D:1 |      35 |       2 |   5.4 |      23 |       1 |   4.2
        D:2 |      29 |       0 |   0.0 |       9 |       0 |   0.0
        D:3 |      27 |      72 |  72.7 |      13 |       2 |  13.3
        D:4 |     320 |       0 |   0.0 |      17 |       0 |   0.0
            +---------+---------+-------+---------+---------+-------
